 Dungeon Crawl Stone Soup version 0.31.0-32-g396128a36d (webtiles) character file.

Game seed: 5596343598464526322

2029 ChadusMaximus the Summoner (level 9, 0/63 HPs)
             Began as a Barachi Summoner on Mar 8, 2024.
             Was a Priest of Hepliaklqana.
             Engulfed by a cloud of steam (8 damage)
             ... on level 7 of the Dungeon.
             The game lasted 00:08:18 (7133 turns).

ChadusMaximus the Summoner (Barachi Summoner)       Turns: 7133, Time: 00:08:19

Health: 0/63       AC:  4    Str: 10    XL:     9   Next: 23%
Magic:  12/18      EV: 12    Int: 19    God:    Hepliaklqana [***...]
Gold:   185        SH:  0    Dex: 13    Spells: 7/20 levels left

rFire   . . .        w - +1 battleaxe (venom)
rCold   . . .        (shield currently unavailable)
rNeg    . . .        a - +0 robe
rPois   .            (no helmet)
rElec   .            c - +0 cloak
rCorr   .            q - +0 pair of gloves
SInv    .            (no boots)
Will    .....        (no amulet)
Stlth   ++           (no ring)
HPRegen 0.30/turn    (no ring)
MPRegen 0.16/turn

%: no passive effects
@: unable to hop, slow
A: reduced essence, amphibious, slowness 1, strong legs 1, +LOS
a: Hop, Renounce Religion, Recall Ancestor, Ancestor Identity, Transference


You were on level 7 of the Dungeon.
You worshipped Hepliaklqana.
Hepliaklqana was most pleased with you.
You visited 2 branches of the dungeon, and saw 8 of its levels.

You collected 289 gold pieces.
You spent 104 gold pieces at shops.

Inventory:

Hand Weapons
 e - a +0 short sword
 w - a +1 battleaxe of venom (weapon)
Missiles
 A - 2 throwing nets
Armour
 a - a +0 robe (worn)
 c - a +0 cloak (worn)
 q - a +0 pair of gloves (worn)
Jewellery
 n - a ring of ice
Wands
 x - a wand of flame (23)
 B - a wand of paralysis (13)
Scrolls
 d - 2 scrolls of enchant weapon
 g - 3 scrolls of immolation
 j - a scroll of vulnerability
 m - 2 scrolls of blinking
 p - 3 scrolls of teleportation
 r - 2 scrolls of fog
 y - 3 scrolls of fear
Potions
 b - a potion of magic
 i - 2 potions of curing
 k - 2 potions of attraction
 l - 2 potions of mutation
 o - a potion of brilliance {unknown}
 s - 2 potions of lignification {unknown}
 t - 2 potions of enlightenment {unknown}
 u - a potion of degeneration {unknown}
 v - a potion of haste {unknown}
 z - 3 potions of might {unknown}


   Skills:
 + Level 6.9 Fighting
 - Level 2.2 Dodging
 - Level 1.8 Stealth
 + Level 6.2 Spellcasting
 * Level 11.1 Summonings


You had 7 spell levels left.
You knew the following spells:

 Your Spells              Type           Power      Damage    Failure   Level
a - Summon Small Mammal   Summ           100%       N/A       1%          1
b - Call Canine Familiar  Summ           48%        N/A       1%          3
c - Call Imp              Summ           96%        N/A       1%          2
d - Summon Lightning Spi  Summ/Air       27%        N/A       11%         4
e - Summon Ice Beast      Ice/Summ       27%        N/A       3%          3

Your spell library contained the following spells:

 Spells                   Type           Power      Damage    Failure   Level
 Sting                    Conj/Alch      20%        1d4       11%         1
 Summon Blazeheart Golem  Fire/Summ      27%        N/A       11%         4
 Jinxbite                 Hex            10%        N/A       17%         2
 Mercury Vapours          Alch/Air       10%        N/A       17%         2
 Dazzling Flash           Conj/Hex       10%        N/A       32%         3
 Gell's Gravitas          Tloc           5%         N/A       32%         3
 Hailstorm                Conj/Ice       5%         3d5       32%         3
 Teleport Other           Tloc           5%         N/A       32%         3
 Animate Dead             Necr           5%         N/A       73%         4
 Olgreb's Toxic Radiance  Alch           5%         N/A       73%         4
 Dispersal                Tloc           2%         N/A       100%        6
 Sculpt Simulacrum        Ice/Alch       2%         N/A       100%        6
 Haunt                    Necr/Summ      13%        N/A       100%        7
 Infestation              Necr           2%         N/A       100%        8


Dungeon Overview and Level Annotations

Branches:
Dungeon (7/15)             Temple (1/1) D:4

Altars:
Ashenzari
Cheibriados
Dithmenos
Elyvilon
Fedhas
Gozag
Hepliaklqana
Kikubaaqudgha
Makhleb
Okawaru
Qazlal
Ru
Sif Muna
Trog
Uskayaw
Vehumet
Xom
Yredelemnul
Zin
The Shining One

Shops:
D:1 [   D:3 :   D:7 ?


Innate Abilities, Weirdness & Mutations

Your life essence is reduced to manifest your ancestor. (-10% HP)
You are amphibious.
You cover ground slowly.
You can hop short distances.
You have an extended range of vision and can be seen from far away.


Message History

* * * LOW HITPOINT WARNING * * *
Your ice beast is engulfed in a cloud of scalding steam.
Your ice beast dies!
Your ice beast disappears in a puff of smoke!
The black bear bites your lightning spire but does no damage.
The black bear claws your lightning spire but does no damage. x2
Leofric hits the steam dragon with a +0 flail.
The steam dragon bites you but does no damage.
The steam dragon claws you but does no damage.
Hop to where?
Press: ? - help, Dir - move target Boing!
You are engulfed in a cloud of scalding steam.
* * * LOW HITPOINT WARNING * * *
Your lightning spire shoots out a bolt of lightning at the steam dragon!
The bolt of electricity hits the steam dragon!
The steam dragon breathes steam at your lightning spire.
The ball of steam hits your lightning spire!
Your lightning spire resists.
Leofric hits the steam dragon with a +0 flail!
The steam dragon dies!
The steam dragon scales are intact enough to wear.
Your Summonings skill increases to level 11!
Unknown command.
Your lightning spire shoots out a bolt of lightning at the black bear!
The bolt of electricity hits the black bear!
The black bear bites your lightning spire.
The black bear claws your lightning spire.
The black bear claws your lightning spire but does no damage.
The black bear bites your lightning spire.
The black bear claws your lightning spire but does no damage. x2
An iguana comes into view.
Leofric closely misses the black bear.
Your lightning spire shoots out a bolt of lightning at the black bear!
The bolt of electricity hits the black bear.
The black bear goes berserk!
Unknown command.
Unknown command.
You are engulfed in a cloud of scalding steam.
You die...

.........(...# ....... #.....
.............# ...l. #.>...
.............# ≈.≈ #.....
.............#######'#######.....
.................§§8h............
.....................R..##.#.####
................§...§[..##.#.####
...................§.............
........<......§@....§...#.#####.
............................. #.
.###.#.#.#.#...###.####.##.#.###.
.###.....#.#...###.####.##.#.....
.................................
.#.###.#.#.#...###.####..........
.................................
##.###.#.#.##..###.####.##.###.##
....................... .. ...


You could see the friendly Leofric the knight, a black bear (berserk,
distracted, ally target), an iguana and a friendly lightning spire (summoned).

Vanquished Creatures
  A sky beast (D:6)
  A bullfrog (D:6)
  A howler monkey (D:5)
  An iguana (D:6)
  4 adders
  2 ufetubi (D:5)
  A dart slug (D:2)
  7 orcs
  7 ball pythons
  6 endoplasms
  A giant cockroach (D:2)
  4 goblins
  5 hobgoblins
  A bat (D:3)
  3 frilled lizards
  4 kobolds
  2 rats
51 creatures vanquished.

Vanquished Creatures (collateral kills)
  A steam dragon (D:7)
  2 ice beasts (D:7)
  A sky beast (D:7)
  A black bear (D:4)
  Blork the orc (D:5)
  A kobold brigand (D:7)
  A bullfrog (D:7)
  A gnoll sergeant (D:7)
  4 scorpions
  5 killer bees (D:7)
  A howler monkey (D:5)
  A bombardier beetle (D:6)
  A jelly (D:5)
  4 hounds
  An orc priest (D:4)
  2 iguanas
  An orc wizard (D:5)
  8 gnolls
  3 adders
  A shadow imp (D:7)
  3 white imps
  2 ufetubi (D:6)
  A ribbon worm (D:2)
  4 orcs
  3 ball pythons
  3 endoplasms
  2 giant cockroaches
  2 hobgoblins
  A quokka (D:3)
  A bat (D:3)
  2 frilled lizards
  2 goblins
  6 kobolds
  2 rats (D:3)
75 creatures vanquished.

Vanquished Creatures (others)
  A sleepcap (D:4)
  An ancestor (D:5)
2 creatures vanquished.

Grand Total: 128 creatures vanquished

Notes
Turn   | Place    | Note
-------+----------+-------------------------------------------
     0 | D:1      | ChadusMaximus the Barachi Summoner began the quest for the
                  | Orb.
     0 | D:1      | Reached XP level 1. HP: 13/13 MP: 3/3
    10 | D:1      | Found Pemolour's Antique Armour Boutique.
   195 | D:1      | Reached skill level 5 in Summonings
   436 | D:1      | Reached XP level 2. HP: 18/20 MP: 1/5
   545 | D:1      | Noticed an eye of devastation
   547 | D:1      | Noticed a shining eye
   556 | D:1      | HP: 1/20 [frozen (5)]
   642 | D:1      | Found a faded altar of an unknown god.
   642 | D:1      | Noticed an eye of devastation
   644 | D:1      | Noticed a shining eye
   729 | D:1      | Reached skill level 1 in Fighting
  1258 | D:2      | Reached XP level 3. HP: 26/26 MP: 6/6
  1303 | D:2      | Learned a level 3 spell: Call Canine Familiar
  1306 | D:2      | Learned a level 2 spell: Call Imp
  1840 | D:3      | Found Cieve's Book Shoppe.
  2082 | D:3      | Reached XP level 4. HP: 26/33 MP: 5/8
  2174 | D:3      | Found a shimmering blue altar of Sif Muna.
  2174 | D:3      | Found an opulent altar of Gozag.
  2175 | D:3      | Found a radiant altar of Vehumet.
  2281 | D:3      | Found a hide-covered altar of Uskayaw.
  2364 | D:3      | Reached skill level 6 in Summonings
  2730 | D:4      | Found a staircase to the Ecumenical Temple.
  2776 | D:4      | Reached XP level 5. HP: 7/39 MP: 3/9
  2914 | Temple   | Entered the Ecumenical Temple
  2927 | Temple   | Became a worshipper of Hepliaklqana the Forgotten
  3287 | D:4      | Noticed a black bear
  3305 | D:4      | Killed a black bear
  3306 | D:4      | Reached skill level 7 in Summonings
  3306 | D:4      | Reached XP level 6. HP: 38/47 MP: 1/11
  4108 | D:5      | Entered Level 5 of the Dungeon
  4115 | D:5      | Reached XP level 7. HP: 50/53 MP: 7/13
  4204 | D:5      | Reached * piety under Hepliaklqana
  4264 | D:5      | Reached skill level 8 in Summonings
  4757 | D:5      | Found a broken altar of Ashenzari.
  4770 | D:5      | Noticed Blork the orc
  4783 | D:5      | Killed Blork the orc
  5086 | D:5      | Learned a level 4 spell: Summon Lightning Spire
  5091 | D:5      | Learned a level 3 spell: Summon Ice Beast
  5097 | D:6      | Reached XP level 8. HP: 54/54 MP: 11/15
  5133 | D:6      | Reached skill level 5 in Fighting
  5133 | D:6      | Reached skill level 9 in Summonings
  5179 | D:6      | Identified the +1 robe of the Gloaming {rC- Str+3 Dex+2}
  5369 | D:6      | Reached skill level 5 in Spellcasting
  5654 | D:6      | Reached ** piety under Hepliaklqana
  5655 | D:6      | Remembered your ancestor Leofric as a knight
  6515 | D:7      | Reached *** piety under Hepliaklqana
  6537 | D:7      | Found Zaowkac's Magic Scroll Emporium.
  6562 | D:7      | Bought a scroll of identify for 26 gold pieces
  6562 | D:7      | Bought a scroll of identify for 26 gold pieces
  6562 | D:7      | Bought a scroll of identify for 26 gold pieces
  6562 | D:7      | Bought a scroll of identify for 26 gold pieces
  6618 | D:7      | Reached skill level 10 in Summonings
  6885 | D:7      | Reached XP level 9. HP: 58/63 MP: 8/17
  6954 | D:7      | Got the Writings on Misfortune
  7131 | D:7      | Reached skill level 11 in Summonings
  7133 | D:7      | Engulfed by a cloud of steam

Illustrated notes

Levels and vault maps discovered:
D:1:      enne_arrival_octagon_isle, layout_basic,
          hellmonk_ecumenical_altar_watching_god, serial_shops, shop
D:2:      layout_loops_ring
D:3:      layout_basic, mainiacjoe_overflow_tiny_flanked,
          chequers_temple_overflow_statue_of_worship, serial_shops,
          nicolae_diamond_shop
D:4:      layout_loops_corners, lemuel_temple_firewalk_b
D:5:      lemuel_ice_spiral_2, layout_rooms, nicolae_ashenzari_panopticon,
          grunt_ministairs_13, cheibrodos_gnoll_hut, uniq_blork_the_orc
D:6:      layout_basic
D:7:      lemuel_slime, layout_basic, kennysheep_mini, serial_shops,
          nicolae_shop_hallway_stairs, minmay_misc_feat_tower,
          kennysheep_generic_room_2
Temple:   nicolae_temple_superstar

Skill      XL: |  1  2  3  4  5  6  7  8  9 |
---------------+----------------------------+-----
Summonings     | 5 6 7 8 10 11 | 11.1
Fighting       | 1 2 3 4 6 |  6.9
Spellcasting   | 3 4 5 6 |  6.2
Dodging        | |  2.2
Stealth        | |  1.8

Action                     |  1- 3 |  4- 6 |  7- 9 || total
---------------------------+-------+-------+-------++-------
  Melee: Unarmed           |    10 |       |       ||    10
         Short sword       |    99 |    87 |    24 ||   210
         Punch             |     1 |     1 |     2 ||     4
         Battleaxe         |       |       |    44 ||    44
   Cast: Summon Small Mamm |    24 |     7 |    12 ||    43
         Call Imp          |     2 |     6 |    11 ||    19
         Call Canine Famil |     1 |     9 |    11 ||    21
         Summon Ice Beast  |       |       |     5 ||     5
         Summon Lightning  |       |       |     4 ||     4
 Invoke: Ancestor Life: Kn |       |       |     1 ||     1
Ability: Hop               |     1 |     2 |     3 ||     6
    Use: Scroll            |       |       |    11 ||    11
         Potion            |       |       |     1 ||     1
   Stab: Distracted        |     1 |     1 |       ||     2
         Sleeping          |     1 |       |       ||     1
 Armour: Robe              |    64 |    61 |    92 ||   217
  Dodge: Dodged            |    67 |    51 |    99 ||   217
